 Dungeon Crawl Stone Soup version 0.32-a0-871-ge202e49faa (webtiles) character file.

Game seed: 10164346223871047109

16 Griffin23 the Trooper (level 2, -4/27 HPs)
             Began as a Minotaur Fighter on Mar 29, 2024.
             Slain by a goblin
             ... wielding a +2 dagger of electrocution
              (15 damage)
             ... on level 1 of the Dungeon.
             The game lasted 00:00:26 (502 turns).

Griffin23 the Trooper (Minotaur Fighter)             Turns: 502, Time: 00:00:26

Health: -4/27      AC:  7    Str: 20    XL:     2   Next: 41%
Magic:  1/1        EV:  8    Int:  5    God:
Gold:   52         SH:  4    Dex:  9    Spells: 1/1 levels left

rFire   . . .        a - +0 long sword
rCold   . . .        c - +0 buckler
rNeg    . . .        b - +0 scale mail
rPois   .            (helmet restricted)
rElec   .            (no cloak)
rCorr   .            (no gloves)
SInv    .            (no boots)
Will    .....        (no amulet) Stlth
                     (no ring)
HPRegen 0.24/turn    (no ring)
MPRegen 0.07/turn

%: no passive effects
@: no status effects
A: horns 2, retaliatory headbutt
a: no special abilities


You were on level 1 of the Dungeon.
You visited 1 branch of the dungeon, and saw 1 of its levels.

You collected 52 gold pieces.

Inventory:

Hand Weapons
 a - a +0 long sword (weapon)
Armour
 b - a +0 scale mail (worn)
 c - a +0 buckler (worn)
Scrolls
 f - a scroll of identify {unknown}
 g - a scroll of enchant armour {unknown}
 h - a scroll of teleportation {unknown}
Potions
 d - a potion of might
 e - a potion of haste {unknown}
 i - a potion of enlightenment {unknown}
 j - a potion of brilliance {unknown}


   Skills:
 + Level 3.9 Fighting
 + Level 2.8 Long Blades
 + Level 3.9 Armour
 + Level 3.9 Shields


You had one spell level left.
You didn't know any spells.
Your spell library contained the following spells:

 Spells                   Type           Power      Damage    Failure   Level
 Mercury Vapours          Alch/Air       0%         N/A       95%         2
 Mephitic Cloud           Conj/Alch/Air  0%         N/A       99%         3
 Freezing Cloud           Conj/Ice/Air   0%         6-21      100%        5


Dungeon Overview and Level Annotations

Branches:
Dungeon (1/15)

Altars:


Innate Abilities, Weirdness & Mutations

You have a pair of horns on your head.
You reflexively headbutt those who attack you in melee.


Message History

A bat is nearby!
You hit the bat.
The bat is severely wounded.
You block the bat's attack. x2
A bat is nearby!
A bat is nearby!
A bat is nearby!
A bat is nearby!
You barely miss the bat.
The bat is severely wounded.
The bat closely misses you. You furiously retaliate!
You headbutt the bat!
You kill the bat!
You open the door.
A goblin and a hobgoblin come into view.
The goblin is wielding a +2 dagger of electrocution.
The goblin shouts!
The hobgoblin shouts!
You hit the hobgoblin.
You kill the hobgoblin!
A goblin is nearby!
There is an open door here.
You barely miss the goblin. The goblin hits you but does no damage.
A goblin is nearby!
You closely miss the goblin. Your headbutt misses the goblin.
The goblin hits you with a +2 dagger of electrocution.
You are electrocuted!
An endoplasm comes into view.
The goblin closely misses you.
There are monsters nearby!
There are monsters nearby!
You are too injured to fight recklessly!
There are monsters nearby!
You are too injured to fight recklessly!
There are monsters nearby!
You are too injured to fight recklessly!
You hit the goblin but do no damage. You block the goblin's attack.
You hit the goblin.
The goblin is moderately wounded.
The goblin hits you but does no damage.
You are electrocuted!
Ouch! That really hurt!
You die...

.......†###.# .....#..
...>....# #.# ........
###+###.# #.# .####.#.
##.###.###.##..........
#...............#......
#..........####.#####.#
#..........# #. #.#
#..........# #.#####.#
##+###@##### ##.......#
#g# ###....#.#.# #.#
...........# #J#
#.##.#......# ...
......†..##.# ...
#....#.#[##.# ... ####
#.#.##.# ....+ ..#.##.#
.#.#.##.#


You could see an endoplasm and a goblin.

Vanquished Creatures
  2 ball pythons (D:1)
  2 endoplasms (D:1)
  A giant cockroach (D:1)
  A goblin (D:1)
  3 hobgoblins (D:1)
  3 kobolds (D:1)
  2 bats (D:1)
14 creatures vanquished.

Notes
Turn   | Place    | Note
-------+----------+-------------------------------------------
     0 | D:1      | Griffin23 the Minotaur Fighter began the quest for the Orb.
     0 | D:1      | Reached XP level 1. HP: 19/19 MP: 0/0
   234 | D:1      | Reached XP level 2. HP: 27/27 MP: 1/1
   502 | D:1      | Slain by a goblin

Illustrated notes

Levels and vault maps discovered:
D:1:      ncdulo_wetmaze, layout_basic, basic_ecumenical_altar, chequers_garden

Action                     || total
---------------------------++-------
  Melee: Long sword        ||    28
         Headbutt          ||     5
 Armour: Scale mail        ||    24
  Dodge: Dodged            ||    10
  Block: Buckler           ||     9

Table legend: (Time is in decaauts)
 A = Elapsed time spent in this place.
 B = Non-inter-level travel time spent in this place.
 C = Inter-level travel time spent in this place.
 D = Time resting spent in this place.
 E = Time spent auto-exploring this place.
 F = Levels seen in this place.
 G = Mean time per level.
                   A        B        C        D        E       F      G
               +--------+--------+--------+--------+--------+-----+--------+
         Total |    516 |    498 |     18 |      0 |    420 |   1 |  516.0 |
       Dungeon |    516 |    498 |     18 |      0 |    420 |   1 |  516.0 |
               +--------+--------+--------+--------+--------+-----+--------+

Top non-repeatable levels by time:
     D:1: 516 daAuts
